 Dungeon Crawl Stone Soup version 0.29.0-10-g45618ea6d2 (webtiles) character file.

Game seed: 6677710401773190457

9122 SensoryNuts the Carver (level 11, -1/111 HPs)
             Began as a Demonspawn Fighter on Sept 2, 2022.
             Slain by a sun demon (6 damage)
             ... summoned by a kobold demonologist
             ... on level 10 of the Dungeon.
             The game lasted 00:12:37 (14230 turns).

SensoryNuts the Carver (Demonspawn Fighter)        Turns: 14230, Time: 00:12:38

Health: -1/111     AC:  2    Str: 12    XL:     11   Next: 18%
Magic:  11/11      EV:  3    Int: 10    God:
Gold:   605        SH:  5    Dex: 17    Spells: 10/10 levels left

rFire   + . .      SeeInvis +   i - +2 double sword (protect)
rCold   + + .      Faith    .   c - +0 buckler
rNeg    . . .      Spirit   .   z - +2 plate armour {rF+}
rPois   +          Reflect  .   (helmet restricted)
rElec   .          Harm     .   (no cloak)
rCorr   .          Rampage  .   j - +0 pair of gloves
Will    .....      Clarity  +   (no boots)
Stlth   ..........              (no amulet)
HPRegen 0.28/turn               e - ring of see invisible
MPRegen 0.12/turn               r - ring of Ethas {Fly rPois rC++ Str-4 Stlth+}

@: berserking (expiring), corroded, under a protective aura, flying, very quick
A: horns 2, thin metallic scales 2, spiny 2, demonic magic 2, clarity, frail 1,
evolution 1
a: no special abilities


You were on level 10 of the Dungeon.
You visited 2 branches of the dungeon, and saw 11 of its levels.

You collected 605 gold pieces.

Inventory:

Hand Weapons
 a - a +2 long sword
 i - a +2 double sword of protection (weapon)
Missiles
 B - a throwing net (quivered)
Armour
 c - a +0 buckler (worn)
 j - a +0 pair of gloves (worn)
 z - a +2 plate armour of fire resistance (worn)
Jewellery
 e - a ring of see invisible (left hand)
 r - the ring of Ethas (right hand) {Fly rPois rC++ Str-4 Stlth+}
   (You acquired it on level 8 of the Dungeon)

   [ring of flight]

   Str:       It affects your strength (-4).
   rC:        It greatly protects you from cold.
   rPois:     It protects you from poison.
   Fly:       It grants you flight.
   Stlth:     It makes you more stealthy.
 t - a ring of protection from fire
 u - a +4 ring of evasion
 y - a +6 ring of intelligence
Wands
 b - a wand of flame (12)
 d - a wand of digging (1)
 n - a wand of charming (5)
Scrolls
 l - 2 scrolls of magic mapping
 q - a scroll of blinking
 v - a scroll of identify
 x - 2 scrolls of teleportation
Potions
 f - 4 potions of heal wounds
 g - 4 potions of flight
 h - 3 potions of mutation
 k - 4 potions of curing
 m - 3 potions of cancellation
 p - 2 potions of degeneration {unknown}
 s - 2 potions of brilliance
 w - a potion of lignification {unknown}
 A - a potion of ambrosia
 C - a potion of invisibility {unknown}
 D - a potion of haste


   Skills:
 + Level 6.6 Fighting
 * Level 12.7 Long Blades
 + Level 7.8 Armour
 + Level 1.5 Dodging
 + Level 1.4 Stealth
 + Level 4.3 Shields


You had 10 spell levels left.
You didn't know any spells.
Your spell library contained the following spells:

 Spells                   Type           Power      Damage    Failure   Level
 Apportation              Tloc           0%         N/A       100%        1
 Magic Dart               Conj           0%         1d3       100%        1
 Necrotise                Necr           0%         1d4       100%        1
 Shock                    Conj/Air       0%         1d3       100%        1
 Summon Small Mammal      Summ           0%         N/A       100%        1
 Searing Ray              Conj           0%         2d4       100%        2
 Ozocubu's Armour         Ice            0%         N/A       100%        3
 Swiftness                Air            0%         N/A       100%        3
 Airstrike                Air            0%         2d(0-16)  100%        4
 Fulminant Prism          Conj/Hex       0%         3d6       100%        4
 Ozocubu's Refrigeration  Ice            0%         4d7       100%        7


Dungeon Overview and Level Annotations

Branches:
Dungeon (10/15)            Temple (1/1) D:6            Lair (0/5) D:8
    Orc: D:9-12

Altars:
Ashenzari
Cheibriados
Dithmenos
Fedhas
Gozag
Hepliaklqana
Kikubaaqudgha
Makhleb
Nemelex Xobeh
Okawaru
Qazlal
Ru
Sif Muna
Trog
Vehumet
Wu Jian
Xom
Yredelemnul

Annotations:
D:4 1 runed translucent door, Splishie's ghost, amateur GnWn


Innate Abilities, Weirdness & Mutations

You have a pair of horns on your head.
You are mostly covered in thin metallic scales. (AC +3)
You are mostly covered in sharp spines.
Spells you cast may paralyse nearby enemies.
You possess an exceptional clarity of mind.
You are frail. (-10% HP)
You have hidden genetic potential.


Message History

You feel yourself speed up. You block the rust devil's attack.
You slice the rust devil!! Your headbutt misses the rust devil.
The rust devil is severely wounded.
The rust devil hits you. The rust devil corrodes you!
You barely miss the rust devil. Your headbutt misses the rust devil.
The rust devil is severely wounded.
The kobold demonologist casts a spell.
You barely miss the rust devil.
You headbutt the rust devil, but do no damage.
The rust devil is severely wounded.
The rust devil hits you. The rust devil corrodes you!
The kobold demonologist casts a spell.
You hit the rust devil.
The rust devil is severely wounded.
You completely miss the rust devil.
The rust devil is severely wounded.
The quasit disappears in a puff of smoke!
The rust devil is struck by your spines.
The rust devil hits you. The rust devil corrodes you!
You slash the rust devil!
You kill the rust devil!
The rust devil disappears in a puff of smoke!
The kobold demonologist casts a spell.
You closely miss the sun demon.
You headbutt the sun demon, but do no damage.
You hit the sun demon but do no damage.
You headbutt the sun demon, but do no damage.
The sun demon hits you!
You are engulfed in flames.
You resist.
You hit the sun demon but do no damage. The sun demon hits you!
* * * LOW HITPOINT WARNING * * *
You are engulfed in flames!
You resist.
* * * LOW HITPOINT WARNING * * *
You hit the sun demon but do no damage.
You headbutt the sun demon, but do no damage.
You hit the sun demon but do no damage. The sun demon is struck by your spines.
The sun demon hits you!!
* * * LOW HITPOINT WARNING * * *
You are engulfed in flames.
You resist.
You die...

##################
.................#
.................#
################.#
#.# #.# #.# #@#
#3# #K# #4# #5#
..# ~.. K~~. ☼.~.


You could see a sun demon (summoned), an orange demon (summoned), a kobold
demonologist and an ufetubus (summoned).

Vanquished Creatures
  Harold (D:9)
  The ghost of Woods the Martial Artist, a novice GnTm of Ashenzari (D:9)
  Pikel (D:4)
  Maggie (D:8)
  Psyche (D:8)
  Prince Ribbit (D:7)
  A troll (D:10)
  2 vampires (D:10)
  A wyvern (D:9)
  Eustachio (D:4)
  2 shadows (D:10)
  2 wraiths
  A steam dragon (D:6)
  Grum (D:8)
  Edmund (D:5)
  2 water moccasins
  6 orc warriors
  3 sky beasts
  An ice beast (D:7)
  2 wolves (D:8)
  An ogre (D:6)
  5 centaurs
  3 phantoms
  2 lemures (D:4)
  7 bullfrogs
  2 kobold brigands
  2 scorpions
  2 necrophages
  2 gnoll sergeants
  6 wights
  A howler monkey (D:9)
  7 hounds
  4 orc priests
  Jessica (D:3)
  Terence (D:2)
  8 iguanas
  Natasha (thrice) (D:3)
  8 orc wizards
  7 gnolls
  7 adders
  2 ufetubi
  A dart slug (D:2)
  31 orcs
  5 bats
  10 endoplasms
  A giant cockroach (D:2)
  7 goblins
  3 hobgoblins (D:1)
  4 jackals (D:2)
  6 quokkas
  5 ball pythons
  A frilled lizard (D:1)
  14 kobolds
  8 rats
  A spectral orc (D:10)
210 creatures vanquished.

Vanquished Creatures (collateral kills)
  The ghost of Wentworth the Cleaver, a novice MiFi (D:9)
1 creature vanquished.

Vanquished Creatures (others)
  11 fungi (D:8)
  5 plants (D:8)
16 creatures vanquished.

Grand Total: 227 creatures vanquished

Notes
Turn   | Place    | Note
-------+----------+-------------------------------------------
     0 | D:1      | SensoryNuts the Demonspawn Fighter began the quest for the
                  | Orb.
     0 | D:1      | Reached XP level 1. HP: 18/18 MP: 1/1
   481 | D:1      | Reached skill level 2 in Long Blades
   481 | D:1      | Gained mutation: You are partially covered in thin metallic
                  | scales. (AC +2) [demonic ancestry]
   481 | D:1      | Reached XP level 2. HP: 24/24 MP: 2/2
   513 | D:1      | You fall into a shaft and drop 1 floor!
   846 | D:2      | Gained mutation: You have a pair of small horns on your
                  | head. [demonic ancestry]
   846 | D:2      | Reached XP level 3. HP: 28/29 MP: 3/3
  1662 | D:2      | Found a faded altar of an unknown god.
  1732 | D:2      | Noticed Terence
  1739 | D:2      | Killed Terence
  1740 | D:2      | Reached skill level 3 in Long Blades
  1740 | D:2      | Gained mutation: You have a pair of horns on your head.
                  | [demonic ancestry]
  1740 | D:2      | Reached XP level 4. HP: 12/35 MP: 4/4
  2068 | D:2      | Identified the +2 leather armour of the Flute {rPois Dex+3
                  | Slay-5}
  2328 | D:3      | Found a burning altar of Makhleb.
  2334 | D:3      | Noticed Jessica
  2356 | D:3      | Killed Jessica
  2454 | D:3      | Noticed Natasha
  2458 | D:3      | Killed Natasha
  2459 | D:3      | Reached XP level 5. HP: 28/41 MP: 5/5
  3300 | D:3      | Noticed Natasha
  3311 | D:3      | Killed Natasha
  3360 | D:3      | Noticed Natasha
  3370 | D:3      | Killed Natasha
  3371 | D:3      | Reached skill level 1 in Dodging
  3584 | D:4      | Reached skill level 4 in Long Blades
  3584 | D:4      | Gained mutation: You are partially covered in sharp spines.
                  | [demonic ancestry]
  3584 | D:4      | Reached XP level 6. HP: 39/47 MP: 6/6
  3794 | D:4      | Found a runed translucent door.
  3795 | D:4      | Noticed Splishie's ghost (amateur GnWn)
  3875 | D:4      | Found a sparkling altar of Nemelex Xobeh.
  4477 | D:5      | Entered Level 5 of the Dungeon
  4521 | D:5      | Reached skill level 5 in Long Blades
  4524 | D:5      | Noticed a water moccasin
  4529 | D:5      | Killed a water moccasin
  4530 | D:5      | Gained mutation: You are mostly covered in thin metallic
                  | scales. (AC +3) [demonic ancestry]
  4530 | D:5      | Reached XP level 7. HP: 40/52 MP: 7/7
  4718 | D:5      | Noticed Eustachio
  4719 | D:5      | Noticed Pikel
  5052 | D:4      | Killed Pikel
  5053 | D:4      | Reached skill level 6 in Long Blades
  5053 | D:4      | Reached skill level 5 in Armour
  5053 | D:4      | Gained mutation: Spells you cast may paralyse adjacent
                  | enemies. [demonic ancestry]
  5053 | D:4      | Reached XP level 8. HP: 29/60 MP: 8/8
  5063 | D:4      | Killed Eustachio
  5064 | D:4      | Reached skill level 7 in Long Blades
  5582 | D:5      | Reached skill level 8 in Long Blades
  5796 | D:5      | Noticed Edmund
  5803 | D:5      | Killed Edmund
  6058 | D:5      | Identified a scroll of acquirement
  6058 | D:5      | Acquired a +2 double sword of protection
  6253 | D:6      | Found an opulent altar of Gozag.
  6299 | D:6      | Gained mutation: You are mostly covered in sharp spines.
                  | [demonic ancestry]
  6299 | D:6      | Reached XP level 9. HP: 58/66 MP: 9/9
  6395 | D:6      | Found a broken altar of Ashenzari.
  6647 | D:6      | Found a staircase to the Ecumenical Temple.
  6673 | D:6      | Reached skill level 9 in Long Blades
  7427 | Temple   | Entered the Ecumenical Temple
  7427 | Temple   | Found a transporter.
  7427 | Temple   | Found a transporter.
  7429 | Temple   | Found a transporter.
  7429 | Temple   | Found a transporter.
  7946 | D:7      | Identified the +3 chain mail of the Pit {rPois Int-3 SInv
                  | Stlth+}
  8057 | D:7      | Reached skill level 5 in Fighting
  8096 | D:7      | Found a shimmering blue altar of Sif Muna.
  8212 | D:7      | Noticed Prince Ribbit
  8235 | D:7      | Killed Prince Ribbit
  8236 | D:7      | Reached skill level 10 in Long Blades
  8514 | D:7      | Reached skill level 1 in Stealth
  8704 | D:8      | Noticed Maggie
  8718 | D:8      | Killed Maggie
  8719 | D:8      | Reached XP level 10. HP: 35/72 MP: 10/10
  9029 | D:8      | Found a stormy altar of Qazlal.
  9064 | D:8      | Noticed Grum
  9080 | D:8      | Killed Grum
  9418 | D:8      | Reached skill level 11 in Long Blades
  9451 | D:8      | Found a staircase to the Lair.
  9560 | D:8      | Noticed Psyche
  9564 | D:8      | Killed Psyche
  9807 | D:8      | Acquired the ring of Ethas {Fly rPois rC++ Str-4 Stlth+}
  9814 | D:8      | Gained mutation: You possess an exceptional clarity of
                  | mind. [potion of mutation]
  9815 | D:8      | Lost mutation: You possess an exceptional clarity of mind.
                  | [potion of mutation]
  9815 | D:8      | Gained mutation: You are frail. (-10% HP) [potion of
                  | mutation]
  9815 | D:8      | Gained mutation: You have hidden genetic potential. [potion
                  | of mutation]
  9815 | D:8      | Gained mutation: You possess an exceptional clarity of
                  | mind. [potion of mutation]
 12448 | D:9      | Found an iron altar of Okawaru.
 12458 | D:9      | Noticed Harold
 12798 | D:9      | Found a runed translucent gate.
 12799 | D:9      | Found a runed translucent gate.
 12800 | D:9      | Found a runed translucent gate.
 12803 | D:9      | Noticed Woods's ghost (novice GnTm)
 12803 | D:9      | Noticed Wentworth's ghost (novice MiFi)
 13137 | D:9      | Killed Harold
 13539 | D:9      | Reached skill level 12 in Long Blades
 13690 | D:9      | Killed Wentworth's ghost
 13693 | D:9      | Killed Woods's ghost
 13694 | D:9      | Gained mutation: Spells you cast may paralyse nearby
                  | enemies. [demonic ancestry]
 13694 | D:9      | Reached XP level 11. HP: 41/72 MP: 11/11
 13881 | D:10     | Entered Level 10 of the Dungeon
 14000 | D:10     | Found a hazy altar of Hepliaklqana.
 14184 | D:10     | Found a shimmering altar of Xom.
 14226 | D:10     | Noticed a sun demon
 14230 | D:10     | HP: 5/111 [sun demon[a kobold demonologist] (21)]
 14230 | D:10     | Slain by a sun demon

Illustrated notes

Levels and vault maps discovered:
D:1:      dpeg_arrival_simpleton_b, layout_basic, minmay_misc_feat_square,
          minmay_heptomino_d4
D:2:      layout_loops_ring, basic_ecumenical_altar, uniq_terence
D:3:      layout_basic, bloody_makhleb, moated_statue, minmay_misc_feat_hallway,
          hangedman_abyss_or_decor_stabs,
          nicolae_concentric_dashed_squares_wild, st_stairs_11, uniq_jessica,
          uniq_natasha
D:4:      layout_loops_ring, nemelex_diamond_rough_becter,
          gammafunk_ghost_grave, minmay_liquid_box
D:5:      layout_basic, uniq_edmund, uniq_eustachio, uniq_pikel
D:6:      layout_basic, nicolae_overflow_crystal_walls, grunt_gozag_breadcrumbs,
          minmay_temple_entry_junction, grunt_ministairs_10, nrook_mini_vaults
D:7:      layout_basic, mainiacjoe_overflow_small_starburst,
          mainiacjoe_overflow_alcove_1, uniq_prince_ribbit1
D:8:      layout_basic, nicolae_qazlal_general_emergency,
          grunt_lair_entry_orc_guard_hut, serial_glass, glass_columns_b,
          glass_columns_b, glass_columns_b, glass_columns_a, glass_columns_a,
          glass_columns_a, feat_on_display, due_unseen_surprise,
          minmay_strange_pillars, feat_on_display, hangedman_glass_teeth,
          uniq_maggie, uniq_grum, uniq_psyche
D:9:      layout_basic, mainiacjoe_overflow_concentric_impassable,
          gammafunk_ghost_cemetery, uniq_harold
D:10:     layout_long_grid, mainiacjoe_overflow_24_doors,
          nicolae_hepliaklqana_monster_ancestors, xom_confusion_cloud,
          minmay_ruined_shrine
Temple:   hellmonk_temple_divided_pantheon

Skill      XL: |  1  2  3  4  5  6  7  8  9 10 |
---------------+-------------------------------+-----
Long Blades    | 2 3 4 5 6 8 10 12 | 12.7
Armour         | 3 4 5 6 7 |  7.8
Shields        | 3 4 |  4.3
Dodging        | 1 |  1.5
Fighting       | 4 5 6 |  6.6
Stealth        | 1 |  1.4

Action                   |  1- 3 |  4- 6 |  7- 9 | 10-12 || total
-------------------------+-------+-------+-------+-------++-------
Melee: Long sword        |    95 |    88 |   104 |       ||   287
       Headbutt          |     7 |    16 |    48 |    38 ||   109
       Double sword      |       |       |   111 |   195 ||   306
  Use: Potion            |     1 |       |     4 |     5 ||    10
       Scroll            |       |    13 |     5 |     6 ||    24
 Stab: Distracted        |       |       |       |     1 ||     1
Armor: Scale mail        |    47 |    12 |       |       ||    59
       Plate armour      |       |    27 |   153 |   111 ||   291
Dodge: Dodged            |    34 |    28 |    43 |    19 ||   124
Block: Buckler           |    13 |    19 |    43 |    31 ||   106
